 Dungeon Sprint DCSS version 0.26-a0-652-gafc20e3620 (webtiles) character file.

Game seed: 13445562622646077481

45995 mhtbhm the Merfolkian Porcupine (level 14, -5/146 HPs)
             Began as a Merfolk Berserker on Oct 1, 2020.
             Was the Champion of Trog.
             Killed from afar by a lich (49 damage)
             ... with a bolt of negative energy
             ... in the Dungeon (Sprint IX: "|||||||||||||||||||||||||||||").
             The game lasted 00:09:41 (3626 turns).

mhtbhm the Merfolkian Porcupine (Merfolk Berserker) Turns: 3626, Time: 00:09:42

Health: -5/146     AC: 32    Str: 25    XL:     14   Next: 35%
Magic:  14/14      EV: 11    Int:  7    God:    Trog [******]
Gold:   668        SH:  5    Dex: 13    Spells: 13/13 levels left

rFire    + . .     SeeInvis +   a - +8 glaive of the Guard {elec, +Rage AC+5 SInv}
rCold    + . .     Faith    .   (shield currently unavailable)
rNeg     . . .     Spirit   .   b - +2 gold dragon scales
rPois    +         Reflect  +   (no helmet)
rElec    .         Harm     .   o - +1 cloak
rCorr    .         Rampage  .   n - +1 pair of gloves
MR       +....     NoTele   +   u - +1 pair of boots
Stlth    ..........             y - amulet of reflection
HPRegen  0.34/turn              l - +3 ring of strength
MPRegen  0.14/turn              z - +4 ring of slaying

@: lethally poisoned (-5 -> -7), berserk cooldown, hasted and slowed, drained
A: change form in water, swift swim, stealthy swim
a: Berserk, Trog's Hand, Brothers in Arms, Renounce Religion, Evoke Berserk Rage


You were in the Dungeon.
You worshipped Trog.
Trog was exalted by your worship.
You visited 1 branch You collected 1930 gold pieces.
You spent 1262 gold pieces at shops.

Inventory:

Hand Weapons
 a - the +8 glaive of the Guard (weapon) {elec, +Rage AC+5 SInv}
   (Trog gifted it to you in the Dungeon)

   Occasionally, upon striking a foe, it will discharge some electrical energy
   and cause terrible harm.
   It affects your AC (+5).
   It lets you see invisible.
   It lets you go berserk.
 p - a +5 vorpal bardiche
 A - the cursed +13 scythe of Curses {drain, *Curse}
   (You found it in the Dungeon)

   A truly terrible weapon, it drains the life of those it strikes.
   It curses itself when equipped.
   It has a curse placed upon it.
Missiles
 m - 23 javelins (quivered)
Armour
 b - +2 gold dragon scales (worn)
 n - a +1 pair of gloves (worn)
 o - a +1 cloak (worn)
 u - a +1 pair of boots (worn)
Jewellery
 l - a +3 ring of strength (left hand)
 y - an amulet of reflection (around neck)
 z - a +4 ring of slaying (right hand)
 B - an uncursed ring of protection from magic
Wands
 k - a wand of acid (2)
 w - a wand of polymorph (5)
Scrolls
 h - 3 scrolls of blinking
 j - 3 scrolls of remove curse
 r - 2 scrolls of identify
 s - 2 scrolls of fear
 t - 6 scrolls of enchant armour
 F - a scroll of fog
Potions
 c - 5 potions of curing
 d - 14 potions of heal wounds
 e - 2 potions of haste
 f - 4 potions of magic
 g - a potion of berserk rage
 i - a potion of invisibility
 q - 4 potions of might
 v - a potion of flight {unknown}
 x - a potion of ambrosia {unknown}
 E - a potion of resistance


   Skills:
 + Level 24.6(23.4) Fighting
 O Level 27(25.7) Polearms
 + Level 3.0(2.3) Throwing
 + Level 12.2(11.2) Armour
 + Level 14.7(13.7) Dodging
 + Level 8.0(7.2) Stealth
 + Level 4.5(3.7) Evocations


You had 13 spell levels left.
You didn't know any spells.
Your spell library was empty.

Dungeon Overview and Level Annotations

Branches:
Dungeon (1/1)

Altars:
Cheibriados
Dithmenos
Elyvilon
Fedhas
Gozag
Hepliaklqana
Kikubaaqudgha
Makhleb
Nemelex Xobeh
Okawaru
Qazlal
Ru
Sif Muna
Trog
Uskayaw
Vehumet
Wu Jian
Xom
Yredelemnul
Zin
The Shining One
Beogh
Jiyva
Lugonu

Shops:
D ==*(


Message History

Your stone giant closely misses the lich.
The necromancer casts a spell.
The necromancer binds the souls of nearby monsters.
The lich touches your stone giant but does no damage.
You slice the shadow wraith!!
Lightning courses through the shadow wraith!!
The shadow wraith is severely damaged.
Your stone giant barely misses the lich.
The shadow wraith barely misses you. The lich touches your stone giant.
The lich drains your stone giant.
Unknown command.
Unknown command.
You hit the shadow wraith.
The shadow wraith is almost destroyed.
Your stone giant hits the lich!!!
The lich casts a spell at you.
The bolt of negative energy hits your stone giant!!
Your stone giant is drained!
The bolt of negative energy hits you!!!
You feel drained.
You die...

▓.........'...=.))).)
▓▓▓▓▓▓▓▓▓▓▓▓▓▓▓▓▓▓▓▓▓
▓....................
▓.▓▓▓▓▓▓▓▓▓▓▓▓▓▓▓▓▓▓▓
▓...............)....
▓▓▓▓▓▓▓▓▓▓▓▓▓▓▓▓▓▓▓▓▓
▓....................
▓.▓▓▓▓▓▓▓▓▓▓▓▓▓▓▓▓▓▓▓
▓.WW@CLJp..Z.....)[[.
▓▓▓▓▓▓▓▓▓▓▓▓▓▓▓▓▓▓▓▓▓


You could see a lich (fast, corroded), a slime creature (corroded), 2 shadow
wraiths, a necromancer, a deep troll earth mage simulacrum and a friendly stone
giant (summoned, berserk, drained).

Vanquished Creatures
  A thorn hunter (D)
  A nagaraja (D)
  An emperor scorpion (D)
  A stone giant (D)
  4 ettins (D)
  A merfolk javelineer (D)
  A fire dragon (D)
  Erolcha (D)
  Josephine (D)
  Harold (D)
  2 ice dragons (D)
  4 hydras (D)
  A spriggan air mage (D)
  A shambling mangrove (D)
  2 ogre magi (D)
  4 two-headed ogres (D)
  A centaur warrior (D)
  2 deep troll earth magi (D)
  Urug (D)
  A hell knight (D)
  A spriggan berserker (D)
  3 unseen horrors (D)
  A salamander mystic (D)
  A naga ritualist (D)
  4 orc knights (D)
  A necromancer (D)
  A mana viper (D)
  A wolf spider (D)
  3 ugly things (D)
  A cyclops (D)
  3 merfolk sirens (D)
  An elephant (D)
  A guardian serpent (D)
  Psyche (D)
  A water nymph (D)
  2 black mambas (D)
  A naga mage (D)
  A gargoyle (D)
  3 cane toads (D)
  A komodo dragon (D)
  A troll (D)
  3 hornets (D)
  3 tyrant leeches (D)
  3 merfolk (D)
  2 jumping spiders (D)
  2 bog bodies (D)
  A hippogriff (D)
  A wind drake (D)
  4 slime creatures (D)
  A spriggan (D)
  6 wraiths (D)
  4 redbacks (D)
  Eustachio (D)
  A yak (D)
  2 vampire mosquitoes (D)
  A naga (D)
  3 water moccasins (D)
  3 porcupines (D)
  A water moccasin (shapeshifter) (D)
  9 orc warriors (D)
  7 ogres (D)
  3 crocodiles (D)
  A big kobold (D)
  6 bullfrogs (D)
  A hound (D)
  4 orc priests (D)
  An orc wizard (D)
  An adder (D)
  An ooze (D)
  An ufetubus (D)
  6 orcs (D)
  A bat zombie (D)
  A giant cockroach (D)
  A jackal (D)
  3 bats (D)
  A goblin (D)
  A leopard gecko skeleton (D)
  A rat (D)
  A briar patch (D)
158 creatures vanquished.

Vanquished Creatures (collateral kills)
  2 orc warriors (D)
2 creatures vanquished.

Grand Total: 160 creatures vanquished

Notes
Turn   | Place    | Note
-------+----------+-------------------------------------------
     0 | D        | mhtbhm the Merfolk Berserker began the quest for the Orb.
     0 | D        | Reached XP level 1. HP: 18/18 MP: 1/1
    15 | D        | Reached ** piety under Trog
    15 | D        | Reached skill level 5 in Polearms
    46 | D        | Reached XP level 2. HP: 26/26 MP: 2/2
    48 | D        | Reached *** piety under Trog
    48 | D        | Reached skill level 6 in Polearms
    92 | D        | Found a roughly hewn altar of Beogh.
    92 | D        | Found a snail-covered altar of Cheibriados.
    92 | D        | Found a shadowy altar of Dithmenos.
    92 | D        | Found a white marble altar of Elyvilon.
    92 | D        | Found a blossoming altar of Fedhas.
    92 | D        | Found an opulent altar of Gozag.
    93 | D        | Found a hazy altar of Hepliaklqana.
    94 | D        | Found a viscous altar of Jiyva.
    95 | D        | Found an ancient bone altar of Kikubaaqudgha.
    96 | D        | Found a corrupted altar of Lugonu.
    97 | D        | Found a burning altar of Makhleb.
    98 | D        | Found a sparkling altar of Nemelex Xobeh.
    99 | D        | Found an iron altar of Okawaru.
   100 | D        | Found a stormy altar of Qazlal.
   101 | D        | Found a sacrificial altar of Ru.
   102 | D        | Found a shimmering blue altar of Sif Muna.
   103 | D        | Found a bloodstained altar of Trog.
   104 | D        | Found a hide-covered altar of Uskayaw.
   105 | D        | Found a radiant altar of Vehumet.
   106 | D        | Found an ornate altar of the Wu Jian Council.
   107 | D        | Found a shimmering altar of Xom.
   108 | D        | Found a basalt altar of Yredelemnul.
   109 | D        | Found a glowing silver altar of Zin.
   110 | D        | Found a glowing golden altar of the Shining One.
   233 | D        | Noticed a bullfrog
   233 | D        | Noticed a big kobold
   233 | D        | Noticed an orc warrior
   242 | D        | Killed a bullfrog
   242 | D        | Reached **** piety under Trog
   242 | D        | Reached skill level 9 in Polearms
   242 | D        | Reached XP level 3. HP: 35/35 MP: 3/3
   242 | D        | Reached XP level 4. HP: 41/41 MP: 4/4
   246 | D        | Killed a big kobold
   246 | D        | Reached skill level 10 in Polearms
   246 | D        | Reached skill level 5 in Dodging
   246 | D        | Reached XP level 5. HP: 48/48 MP: 5/5
   248 | D        | Reached skill level 11 in Polearms
   257 | D        | Killed an orc warrior
   257 | D        | Reached skill level 12 in Polearms
   257 | D        | Reached XP level 6. HP: 26/57 MP: 6/6
   258 | D        | Reached ***** piety under Trog
   410 | D        | Noticed a wraith
   410 | D        | Noticed a cyclops
   410 | D        | Noticed a troll
   410 | D        | Noticed a slime creature
   410 | D        | Noticed a five-headed hydra
   422 | D        | Killed a wraith
   422 | D        | Reached skill level 13 in Polearms
   422 | D        | Reached XP level 7. HP: 65/65 MP: 7/7
   425 | D        | Killed a cyclops
   425 | D        | Reached skill level 10 in Fighting
   425 | D        | Reached skill level 15 in Polearms
   431 | D        | Killed an unseen horror
   431 | D        | Reached skill level 17 in Polearms
   431 | D        | Reached XP level 8. HP: 76/76 MP: 8/8
   436 | D        | Killed a troll
   436 | D        | Reached skill level 5 in Armour
   439 | D        | Killed a slime creature
   439 | D        | Received a gift from Trog
   439 | D        | Reached skill level 18 in Polearms
   439 | D        | Reached XP level 9. HP: 82/82 MP: 9/9
   450 | D        | Killed a 14-headed hydra
   450 | D        | Reached skill level 19 in Polearms
   715 | D        | Noticed a five-headed hydra
   729 | D        | Noticed a cane toad
   734 | D        | HP: 6/127 [13-headed hydra (5)]
   995 | D        | Killed a 19-headed hydra
   995 | D        | Reached skill level 20 in Polearms
   995 | D        | Reached skill level 10 in Dodging
   995 | D        | Reached skill level 1 in Stealth
   995 | D        | Reached XP level 10. HP: 18/94 MP: 10/10
   999 | D        | Killed a cane toad
  1000 | D        | Received a gift from Trog
  1131 | D        | Noticed an elephant
  1147 | D        | Killed an elephant
  1147 | D        | Reached ****** piety under Trog
  1148 | D        | Reached skill level 15 in Fighting
  1157 | D        | Received a gift from Trog
  1157 | D        | Reached skill level 21 in Polearms
  1207 | D        | Noticed a cane toad
  1213 | D        | Killed a cane toad
  1222 | D        | Reached skill level 1 in Evocations
  1229 | D        | Received a gift from Trog
  1229 | D        | Reached XP level 11. HP: 104/104 MP: 11/11
  1289 | D        | Noticed Psyche
  1290 | D        | Noticed Erolcha
  1297 | D        | Killed Psyche
  1302 | D        | Killed Erolcha
  1308 | D        | Noticed Harold
  1323 | D        | Killed Harold
  1323 | D        | Reached skill level 22 in Polearms
  1398 | D        | Noticed an ettin
  1402 | D        | Received a gift from Trog
  1403 | D        | Noticed an orc knight
  1408 | D        | Killed an ettin
  1412 | D        | Killed an orc knight
  1412 | D        | Noticed an orc knight
  1414 | D        | Received a gift from Trog
  1423 | D        | Killed an orc knight
  1474 | D        | Noticed an orc knight
  1479 | D        | Noticed an orc knight
  1489 | D        | Killed an orc knight
  1497 | D        | Killed an orc knight
  1497 | D        | Reached skill level 5 in Stealth
  1499 | D        | Received a gift from Trog
  1647 | D        | Found Witoof's Jewellery Emporium.
  1647 | D        | Noticed a two-headed ogre
  1647 | D        | Noticed an ogre mage
  1653 | D        | Killed a two-headed ogre
  1653 | D        | Received a gift from Trog
  1653 | D        | Reached skill level 23 in Polearms
  1654 | D        | Noticed a two-headed ogre
  1655 | D        | Found Jufosha's Jewellery Shoppe.
  1655 | D        | Noticed a two-headed ogre
  1659 | D        | Killed an ogre mage
  1659 | D        | Reached XP level 12. HP: 118/118 MP: 4/12
  1677 | D        | Killed a two-headed ogre
  1683 | D        | Killed a two-headed ogre
  1685 | D        | Received a gift from Trog
  1717 | D        | Found Sutoca's General Store.
  1740 | D        | Found Cograp's Antique Weapon Shoppe.
  1742 | D        | Noticed an ogre mage
  1745 | D        | Noticed a two-headed ogre
  1752 | D        | Killed an ogre mage
  1756 | D        | Killed a two-headed ogre
  1814 | D        | Bought a potion of might for 52 gold pieces
  1814 | D        | Bought a potion of haste for 130 gold pieces
  1822 | D        | Bought an uncursed amulet of reflection for 300 gold pieces
  1822 | D        | Bought a +4 ring of slaying for 780 gold pieces
  1858 | D        | Noticed Urug
  1869 | D        | Killed Urug
  1869 | D        | Received a gift from Trog
  1869 | D        | Reached skill level 24 in Polearms
  1992 | D        | Found the cursed +13 scythe of Curses {drain, *Curse}
  2097 | D        | Noticed an eight-headed hydra
  2103 | D        | Killed a ten-headed hydra
  2110 | D        | Noticed an ettin
  2110 | D        | Noticed a fire dragon
  2120 | D        | Killed an ettin
  2120 | D        | Received a gift from Trog
  2120 | D        | Reached skill level 25 in Polearms
  2120 | D        | Noticed a centaur warrior
  2126 | D        | Killed a fire dragon
  2128 | D        | Noticed an ettin
  2129 | D        | Killed a centaur warrior
  2130 | D        | Noticed a hell knight
  2166 | D        | Reached XP level 13. HP: 69/129 MP: 13/13
  2168 | D        | Killed an ettin
  2452 | D        | Received a gift from Trog
  2517 | D        | Noticed Josephine
  2518 | D        | Reached skill level 26 in Polearms
  2524 | D        | Killed Josephine
  2527 | D        | Received a gift from Trog
  2663 | D        | Noticed an emperor scorpion
  2686 | D        | Killed an emperor scorpion
  2686 | D        | Received a gift from Trog
  3034 | D        | Noticed a nagaraja
  3037 | D        | Received a gift from Trog
  3037 | D        | Reached skill level 27 in Polearms
  3044 | D        | Killed a nagaraja
  3053 | D        | Received a gift from Trog
  3115 | D        | Noticed a thorn hunter
  3122 | D        | Reached skill level 10 in Armour
  3130 | D        | Received a gift from Trog
  3140 | D        | Killed a thorn hunter
  3329 | D        | Received a gift from Trog
  3330 | D        | Found the +8 glaive of the Guard {elec, +Rage AC+5 SInv}
  3333 | D        | Noticed a merfolk javelineer
  3335 | D        | Reached XP level 14. HP: 143/143 MP: 14/14
  3339 | D        | Received a gift from Trog
  3339 | D        | Reached skill level 1 in Throwing
  3471 | D        | Noticed Eustachio
  3480 | D        | Killed Eustachio
  3559 | D        | Received a gift from Trog
  3567 | D        | Noticed a stone giant
  3590 | D        | Killed a stone giant
  3590 | D        | Noticed a lich
  3596 | D        | Received a gift from Trog
  3626 | D        | Killed from afar by a lich

Illustrated notes

Levels and vault maps discovered:
D:        linesprint [early_d, line_temple, items_1, d_10, items_2, lair_1,
          lair_end, items_3, orc_1, orc_end, items_4, d_15, swamp_1, shoals_1,
          snake_1, spider_1, d_20, vaults_1, items_5, swamp_end, shoals_end,
          snake_end, spider_end, vaults_end, d_27, items_6, zot_1, zot_end,
          crypt_end, forest_end, elf_end, slime_end, tomb_end, abyss_end,
          pan_hell_end]

Skill      XL: |  1  2  3  4  5  6  7  8  9 10 11 12 13 14 |
---------------+-------------------------------------------+-----
Polearms       | 5 9 10 12 13 17 18 20 21 23 25 27 | 27.0
Dodging        | 3 4 5 6 8 10 12 14 | 14.7
Fighting       | 4 6 7 8 9 11 12 14 16 18 20 23 24 | 24.6
Armour         | 2 3 4 5 6 7 11 12 | 12.2
Stealth        | 1 3 5 7 8 |  8.0
Evocations     | 1 2 4 |  4.5
Throwing       | 3 |  3.0

Action                   |  1- 3 |  4- 6 |  7- 9 | 10-12 | 13-15 || total
-------------------------+-------+-------+-------+-------+-------++-------
Melee: Spear             |    42 |       |       |       |       ||    42
       Halberd           |     8 |    27 |    63 |    64 |       ||   162
       Glaive            |       |       |       |    80 |    53 ||   133
       Bardiche          |       |       |       |    46 |   126 ||   172
Throw: Javelin           |       |       |       |       |     5 ||     5
Invok: Berserk           |     2 |     1 |     2 |     8 |     4 ||    17
       Brothers in Arms  |       |       |       |     1 |     1 ||     2
Evoke: Wand              |       |       |     1 |     6 |     1 ||     8
  Use: Scroll            |       |       |     1 |       |       ||     1
       Potion            |       |       |       |       |     1 ||     1
 Stab: Sleeping          |       |       |       |     1 |       ||     1
Armor: Animal skin       |     5 |       |       |       |       ||     5
       Plate armour      |     4 |     3 |       |       |       ||     7
       Chain mail        |       |     2 |    19 |       |       ||    21
       Troll leather arm |       |       |    26 |     6 |       ||    32
       Gold dragon scale |       |       |       |    14 |    50 ||    64
Dodge: Dodged            |    33 |     8 |    73 |    65 |    34 ||   213
Block: Other             |       |       |       |     6 |    15 ||    21

Table legend: (Time is in decaauts)
 A = Elapsed time spent in this place.
 B = Non-inter-level travel time spent in this place.
 C = Inter-level travel time spent in this place.
 D = Time resting spent in this place.
 E = Time spent auto-exploring this place.
 F = Levels seen in this place.
 G = Mean time per level.
                   A        B        C        D        E       F      G
               +--------+--------+--------+--------+--------+-----+--------+
         Total |   3593 |   3593 |      0 |   1723 |    180 |   1 | 3593.0 |
       Dungeon |   3593 |   3593 |      0 |   1723 |    180 |   1 | 3593.0 |
               +--------+--------+--------+--------+--------+-----+--------+

Top non-repeatable levels by time:
       D: 3593 daAuts
